 Dungeon Crawl Stone Soup version 0.27.1-34-g3ba077fa99 (webtiles) character file.

Game seed: 12082073297948266576

8723 Arum the Fighter (level 11, 0/95 HPs)
             Began as a Formicid Fighter on Jan 3, 2022.
             Was an Initiate of Gozag.
             Slain by Snorg (9 damage)
             ... on level 10 of the Dungeon.
             The game lasted 00:16:35 (12566 turns).

Arum the Fighter (Formicid Fighter)                Turns: 12566, Time: 00:16:37

Health: 0/95       AC: 14    Str: 28    XL:     11   Next: 61%
Magic:  11/11      EV: 10    Int:  8    God:    Gozag
Gold:   962        SH: 13    Dex: 12    Spells: 10/10 levels left

rFire    . . .     SeeInvis +   w - +1 quarterstaff (vorpal)
rCold    . . .     Faith    .   c - +1 kite shield
rNeg     . . .     Spirit   .   b - +0 scale mail
rPois    .         Reflect  .   (helmet unavailable)
rElec    .         Harm     .   D - +1 cloak
rCorr    .         Rampage  .   p - +0 pair of gloves
Will     ++...                  F - +2 pair of boots
Stlth    ..........             (no amulet)
HPRegen  0.25/turn              n - +6 ring of strength
MPRegen  0.12/turn              f - ring of willpower

@: very slightly contaminated, invisible
A: permanent stasis, dig shafts and tunnels, antennae 3, four strong arms
a: Dig, Shaft Self, Renounce Religion, Potion Petition, Call Merchant, Bribe
Branch


You were on level 10 of the Dungeon.
You worshipped Gozag.
Gozag was pleased with you.
You visited 2 branches of the dungeon, and saw 11 of its levels.
You also visited: Ossuary.

You collected 2568 gold pieces.
You spent 143 gold pieces at shops.
You paid 1463 gold pieces to Gozag.

Inventory:

Hand Weapons
 a - a +1 quarterstaff of flaming
 w - a +1 vorpal quarterstaff (weapon)
Armour
 b - a +0 scale mail (worn)
 c - a +1 kite shield (worn)
 p - a +0 pair of gloves (worn)
 D - a +1 cloak (worn)
 F - a +2 pair of boots (worn)
Jewellery
 f - a ring of willpower (right hand)
 n - a +6 ring of strength (left hand)
 y - a ring of flight
Wands
 h - a wand of mindburst (5)
 v - a wand of digging (9)
 C - a wand of iceblast (4)
Scrolls
 i - a scroll of enchant weapon
 t - a scroll of amnesia
 u - a scroll of blinking
 A - a scroll of torment {unknown}
 B - a scroll of summoning
Potions
 d - 4 potions of might
 e - 4 potions of mutation
 g - 2 potions of flight
 j - 2 potions of berserk rage {unknown}
 k - 5 potions of curing
 l - 4 potions of brilliance
 m - 3 potions of cancellation
 r - a potion of resistance {unknown}
 s - 2 potions of lignification {unknown}
 x - a potion of ambrosia {unknown}
 z - a potion of haste {unknown}


   Skills:
 + Level 11.8 Fighting
 + Level 10.7 Staves
 * Level 7.2 Armour
 - Level 9.0 Shields


You had 10 spell levels left.
You didn't know any spells.
Your spell library contained the following spells:

 Spells                   Type           Power      Damage    Failure   Level
 Magic Dart               Conj           0%         1d3       65%         1
 Call Imp                 Summ           0%         N/A       78%         2
 Frozen Ramparts          Ice            0%         1d2       95%         3
 Gell's Gravitas          Tloc           0%         N/A       95%         3
 Mephitic Cloud           Conj/Pois/Air  0%         N/A       95%         3
 Teleport Other           Tloc           0%         N/A       95%         3
 Ice Form                 Ice/Tmut       0%         N/A       100%        4
 Summon Ice Beast         Ice/Summ       0%         N/A       100%        4
 Dispersal                Tloc           0%         N/A       100%        6


Dungeon Overview and Level Annotations

Branches:
Dungeon (10/15)            Temple (1/1) D:4            Lair (0/6) D:10
Ossuary (visited)
    Orc: D:9-12

Altars:
Ashenzari
Cheibriados
Dithmenos
Elyvilon
Fedhas
Gozag
Hepliaklqana
Kikubaaqudgha
Makhleb
Nemelex Xobeh
Okawaru
Qazlal
Ru
Sif Muna
Trog
Uskayaw
Vehumet
Wu Jian
Xom
Yredelemnul
Zin
The Shining One

Shops:
D:3 :   D:9 (   D:10 (

Annotations:
D:9 1 runed translucent door
D:10 Snorg


Innate Abilities, Weirdness & Mutations

You cannot be hasted, slowed, berserked, paralysed or teleported.
You can dig through walls and to a lower floor.
You have a pair of large antennae on your head. (SInv)
Your four strong arms can wield two-handed weapons with a shield.


Message History

Press: ? - help, Shift-Dir - straight line, f - Snorg
Aim: Snorg (almost dead, berserk, chance to affect: 30%)
Okay, then.
Snorg bites you!
* * * LOW HITPOINT WARNING * * *
Snorg completely misses you. You block Snorg's attack.
There is an open door, spattered with blood here.
You feel much better. Snorg bites you!
* * * LOW HITPOINT WARNING * * *
You block Snorg's attack. x2
You fade into invisibility!
You block Snorg's attack. Snorg barely misses you. You block Snorg's attack.
Snorg barely misses you. Snorg claws you.
* * * LOW HITPOINT WARNING * * *
Snorg claws you but does no damage. The troll bites you but does no damage.
The troll claws you but does no damage. You block the troll's attack.
You are very lightly contaminated with residual magic.
You feel much better. You block Snorg's attack.
Snorg claws you but does no damage. x2; You block the troll's attack.
The troll closely misses you. The troll claws you.
* * * LOW HITPOINT WARNING * * *
Snorg rages.
Snorg bites you!!
* * * LOW HITPOINT WARNING * * *
Snorg closely misses you. x2
Unknown command.
You feel much better. You block Snorg's attack. x2
Snorg claws you but does no damage.
You hit Snorg.
Snorg is almost dead.
You block Snorg's attack. Snorg claws you!
* * * LOW HITPOINT WARNING * * *
Snorg claws you but does no damage.
You bludgeon Snorg!!
Snorg is almost dead.
You block Snorg's attack. Snorg claws you.
* * * LOW HITPOINT WARNING * * *
You block Snorg's attack. Snorg bites you!
You die...
Your body crumbles into a pile of gold.

.#.....#.....#............
.'.....#.....#............
.#.....#.....#............
.#.....#.....#............
.#.....#.....#............
.#.....#.....#............
##.....#'#########..#
######...........#..##..#
.....#..........@TT.....#
.....#...........#......#
.....#...........#......#
.....#...........#......#
######...........########
........####+##....
........ #.... ........
#..... ........


You could see Snorg (berserk) and a troll.

Vanquished Creatures
  Maurice (D:8)
  2 hornets
  A vampire (D:10)
  A wyvern (D:5)
  8 yaks (D:9)
  3 steam dragons
  Grum (D:8)
  2 water moccasins
  Duvessa (D:5)
  A sky beast (D:8)
  2 hornet zombies (Ossuary)
  4 ice beasts
  4 orc warriors
  A black bear (D:5)
  9 necrophages
  An ogre (D:6)
  4 wolves (D:8)
  7 centaurs
  2 kobold brigands
  A scorpion (D:6)
  4 gnoll sergeants
  3 water moccasin zombies (Ossuary)
  A wyvern zombie (D:7)
  Dowan (D:5)
  A wyvern skeleton (D:5)
  3 killer bees (D:9)
  3 wights (D:7)
  A howler monkey (D:6)
  A crimson imp (D:4)
  6 bullfrog zombies
  4 centaur zombies
  A hound (D:5)
  3 jellies
  10 orc priests
  A bullfrog skeleton (D:5)
  4 iguanas (D:5)
  6 orc wizards
  A killer bee zombie (D:7)
  2 hound skeletons (D:4)
  16 mummies
  4 howler monkey zombies
  21 gnolls
  2 howler monkey skeletons (D:6)
  6 adders
  3 shadow imps
  A white imp (D:5)
  An ufetubus (D:6)
  An adder skeleton (D:4)
  3 worms
  3 dart slugs
  21 orcs
  7 bats
  6 endoplasms
  5 giant cockroaches
  4 goblins
  7 hobgoblins
  8 jackals
  5 quokkas
  5 ball pythons
  A frilled lizard (D:3)
  2 goblin skeletons (D:4)
  2 goblin zombies (D:4)
  3 hobgoblin zombies (D:4)
  17 kobolds
  3 kobold skeletons (D:4)
  An orc skeleton (D:4)
  2 orc zombies (D:4)
  4 rats
276 creatures vanquished.

Vanquished Creatures (others)
  10 withered plants
10 creatures vanquished.

Grand Total: 286 creatures vanquished

Notes
Turn   | Place    | Note
-------+----------+-------------------------------------------
     0 | D:1      | Arum the Formicid Fighter began the quest for the Orb.
     0 | D:1      | Reached XP level 1. HP: 18/18 MP: 1/1
   318 | D:1      | Reached XP level 2. HP: 20/24 MP: 2/2
   796 | D:1      | Reached XP level 3. HP: 30/30 MP: 3/3
  1112 | D:2      | Found a shimmering altar of Xom.
  1132 | D:2      | Found a faded altar of an unknown god.
  1560 | D:2      | Reached XP level 4. HP: 37/37 MP: 4/4
  1609 | D:2      | Reached skill level 4 in Fighting
  1980 | D:3      | Found Sotoidug's Book Emporium.
  1984 | D:3      | Reached XP level 5. HP: 22/42 MP: 5/5
  2339 | D:3      | Found a shimmering blue altar of Sif Muna.
  2386 | D:3      | Reached skill level 5 in Shields
  2642 | D:3      | Found a glowing silver altar of Zin.
  3017 | D:4      | Found a staircase to the Ecumenical Temple.
  3028 | Temple   | Entered the Ecumenical Temple
  3077 | Temple   | Became a worshipper of Gozag Ym Sagoz the Greedy
  3169 | D:4      | Found a glowing golden altar of the Shining One.
  3212 | D:4      | Reached XP level 6. HP: 43/49 MP: 6/6
  3553 | D:4      | Reached skill level 5 in Fighting
  4036 | D:5      | Entered Level 5 of the Dungeon
  4058 | D:5      | Noticed a black bear
  4063 | D:5      | Killed a black bear
  4073 | D:5      | Reached XP level 7. HP: 42/56 MP: 7/7
  4201 | D:5      | Noticed Duvessa
  4201 | D:5      | Noticed Dowan
  4216 | D:5      | Killed Duvessa
  4219 | D:5      | Killed Dowan
  4223 | D:5      | Reached skill level 6 in Fighting
  4387 | D:5      | Noticed a steam dragon
  4416 | D:5      | Reached skill level 5 in Staves
  4416 | D:5      | Reached XP level 8. HP: 18/64 MP: 8/8
  4683 | D:5      | Noticed a wyvern
  4695 | D:5      | Killed a wyvern
  4984 | D:5      | Found an iron altar of Okawaru.
  4985 | D:5      | Found a shadowy altar of Dithmenos.
  4985 | D:5      | Found a sacrificial altar of Ru.
  4986 | D:5      | Found a white marble altar of Elyvilon.
  5114 | D:5      | Reached skill level 7 in Fighting
  5598 | D:5      | Reached XP level 9. HP: 52/72 MP: 9/9
  6158 | D:6      | Found an ancient bone altar of Kikubaaqudgha.
  6158 | D:6      | Found a broken altar of Ashenzari.
  6241 | D:6      | Identified a scroll of acquirement
  6241 | D:6      | Acquired 615 gold pieces
  6278 | D:6      | Found a sand-covered staircase.
  6287 | D:6      | Reached skill level 8 in Fighting
  6294 | Ossuary  | Entered an ossuary
  6778 | Ossuary  | Reached skill level 9 in Fighting
  7085 | D:6      | Reached XP level 10. HP: 57/83 MP: 10/10
  7396 | D:6      | Identified the +1 robe of Notrez {Drain rPois rF+ rCorr}
  7537 | D:6      | Found a shimmering altar of Xom.
  8021 | D:7      | Reached skill level 10 in Fighting
  8078 | D:7      | Found a sparkling altar of Nemelex Xobeh.
  9522 | D:8      | Reached skill level 11 in Fighting
  9612 | D:8      | Reached skill level 10 in Staves
  9920 | D:8      | Noticed Maurice
  9931 | D:8      | Killed Maurice
  9932 | D:8      | Reached XP level 11. HP: 64/93 MP: 11/11
 10074 | D:8      | Identified the +1 hand axe "Bunkaut" {antimagic, +Rage
                  | Will+ Stlth+}
 10297 | D:8      | Noticed Grum
 10308 | D:8      | Killed Grum
 10590 | D:9      | Found a blossoming altar of Fedhas.
 10631 | D:9      | Reached skill level 5 in Armour
 11347 | D:9      | Noticed a glowing orange brain
 11347 | D:9      | Noticed a frost giant
 11348 | D:9      | Noticed a frost giant
 11348 | D:9      | Found a runed translucent door.
 11350 | D:9      | Noticed a boulder beetle
 11350 | D:9      | Noticed an ice dragon
 11350 | D:9      | Noticed a sphinx
 11350 | D:9      | Noticed a four-headed hydra
 11875 | D:9      | Noticed a shining eye
 11971 | D:10     | Entered Level 10 of the Dungeon
 11971 | D:10     | Found a staircase to the Lair.
 12253 | D:10     | Bought a +1 vorpal quarterstaff for 143 gold pieces
 12543 | D:10     | Noticed Snorg
 12563 | D:10     | HP: 3/95 [Snorg (21)]
 12566 | D:10     | Slain by Snorg

Illustrated notes

Levels and vault maps discovered:
D:1:      dpeg_arrival_arbitrary_b, layout_loops_ring, kennysheep_minor_cross
D:2:      layout_basic, basic_altar, shapermc_ecumenical_altar_pompeii
D:3:      layout_rooms, mainiacjoe_overflow_alcove_2,
          mainiacjoe_overflow_surrounded_room, serial_shops, shop,
          minmay_misc_feat_chi
D:4:      layout_loops_ring, nicolae_tso_besieged_by_evil,
          minmay_temple_entry_sparse_star, hangedman_feature_mirror,
          minmay_checkerbox
D:5:      layout_basic, chequers_temple_overflow_statue_of_worship, hex_tiny,
          uniq_duvessa
D:6:      layout_basic, general_overflow_altar,
          mainiacjoe_overflow_large_starburst, nicolae_ossuary_entry_monument
D:7:      nicolae_whirlpool, layout_cave_pools, overflow_temple_1_default,
          serial_undead, serial_undead_f, serial_undead_c, serial_undead_c,
          serial_undead_d, serial_undead_b, serial_undead_a, serial_undead_c,
          serial_undead_e, serial_undead_e, serial_undead_a
D:8:      layout_loops_corners, nrook_mini_vaults, uniq_grum, uniq_maurice
D:9:      minmay_gate_of_8, layout_basic, lemuel_tele_altar
D:10:     layout_gridville, lair_entry_dummy, uniq_snorg
Temple:   eino_wide_crystal_templ

Skill      XL: |  1  2  3  4  5  6  7  8  9 10 11 |
---------------+----------------------------------+-----
Shields        | 4 5 6 8 9 |  9.0
Fighting       | 4 5 6 7 9 11 | 11.8
Staves         | 3 4 5 6 8 10 | 10.7
Armour         | 7 |  7.2

Action                   |  1- 3 |  4- 6 |  7- 9 | 10-12 || total
-------------------------+-------+-------+-------+-------++-------
Melee: Quarterstaff      |    99 |   227 |   304 |   436 ||  1066
Invok: Call Merchant     |       |       |       |     2 ||     2
 Abil: Dig               |       |       |     6 |     2 ||     8
Evoke: Wand              |       |       |       |     4 ||     4
  Use: Scroll            |       |     7 |     2 |    11 ||    20
       Potion            |       |       |     2 |     4 ||     6
 Stab: Distracted        |       |       |     1 |     2 ||     3
Armor: Scale mail        |    42 |    94 |    54 |   122 ||   312
Dodge: Dodged            |    32 |    72 |    79 |   138 ||   321
Block: Kite shield       |    47 |   113 |   157 |   276 ||   593
